 Dungeon Sprint DCSS version 0.30.1-11-g7821555f0a (webtiles) character file.

Game seed: 15017420965841935124

369 Heoruswealwe the Spear-Bearer (level 6, 0/63 HPs)
             Began as a Minotaur Fighter on Nov 5, 2023.
             Was an Initiate of Gozag.
             Killed by divine providence
             ... invoked by an orc priest
              (9 damage)
             ... in the Dungeon (Sprint IX: "|||||||||||||||||||||||||||||").
             The game lasted 00:01:07 (226 turns).

Heoruswealwe the Spear-Bearer (Minotaur Fighter)     Turns: 226, Time: 00:01:07

Health: 0/63       AC:  8    Str: 23    XL:     6   Next: 41%
Magic:  5/5        EV:  9    Int:  5    God:    Gozag
Gold:   0          SH:  4    Dex:  9    Spells: 5/5 levels left

rFire   . . .        a - +0 trident
rCold   . . .        d - +0 buckler
rNeg    . . .        c - +0 scale mail
rPois   .            (helmet restricted)
rElec   .            (no cloak)
rCorr   .            (no gloves)
SInv    .            (no boots)
Will    .....        (no amulet) Stlth
                     (no ring)
HPRegen 0.30/turn    (no ring)
MPRegen 0.09/turn

%: no teleportation
@: gold aura, slowed, very slow
A: horns 2, retaliatory headbutt
a: Renounce Religion, Potion Petition, Call Merchant, Bribe Branch


You were in the Dungeon.
You worshipped Gozag.
Gozag was noncommittal.
You visited 1 branch

Inventory:

Hand Weapons
 a - a +0 trident (weapon)
Armour
 c - a +0 scale mail (worn)
 d - a +0 buckler (worn)
Jewellery
 k - a +3 ring of strength
 l - a +3 ring of dexterity
Wands
 h - a wand of quicksilver (10)
Scrolls
 j - 2 scrolls of blinking
Potions
 b - a potion of might
 e - 5 potions of curing
 f - 3 potions of heal wounds
 g - a potion of haste
 i - a potion of berserk rage


   Skills:
 + Level 9.1 Fighting
 * Level 11.8 Polearms
 + Level 9.1 Armour
 - Level 3.6 Shields


You had 5 spell levels left.
You didn't know any spells.
Your spell library was empty.

Dungeon Overview and Level Annotations

Branches:
Dungeon (1/1)

Altars:
Cheibriados
Dithmenos
Elyvilon
Fedhas
Gozag
Hepliaklqana
Kikubaaqudgha
Makhleb
Nemelex Xobeh
Okawaru
Qazlal
Ru
Sif Muna
Trog
Uskayaw
Vehumet
Wu Jian
Xom
Yredelemnul
Zin
The Shining One
Jiyva
Lugonu


Innate Abilities, Weirdness & Mutations

You have a pair of horns on your head.
You reflexively headbutt those who attack you in melee.


Message History

The wraith hits you.
* * * LOW HITPOINT WARNING * * *
The wraith drains your vigour!
You feel as though you will be slow longer.
You hit the wraith.
The wraith is severely damaged.
The wraith hits you but does no damage.
You hit the wraith but do no damage.
The wraith is severely damaged.
The wraith hits you but does no damage.
The orc priest is distracted by your dazzling golden aura.
You closely miss the wraith.
The wraith is severely damaged.
The orc priest shouts!
The wraith hits you!
* * * LOW HITPOINT WARNING * * *
You block the wraith's attack.
You hit the wraith.
The wraith is severely damaged.
The wraith hits you but does no damage.
You hit the wraith but do no damage.
The wraith is severely damaged.
The wraith completely misses you.
You hit the wraith but do no damage. Your headbutt misses the wraith.
The wraith is severely damaged.
The orc priest is no longer distracted by gold.
The wraith hits you but does no damage.
You hit the wraith but do no damage. You headbutt the wraith!
You destroy the wraith!
The yak is distracted by your dazzling golden aura.
The orc priest mumbles some strange prayers to Beogh against you.
You barely resist.
Your Fighting skill gained 2 levels and is now at level 9!
Your Polearms skill increases to level 11!
Your Armour skill increases to level 9!
You have reached level 6!
The orc priest mumbles some strange prayers to Beogh against you.
Beogh smites you!
You die...
Your body crumbles into a pile of gold. $$$$$ $$$$$ $ $ $ $$$$$ $ $ ▓▓▓▓▓▓▓▓▓▓▓▓▓▓▓▓▓▓▓▓▓▓▓▓ ______'!?).[[[..@ocDY..+ ▓▓▓▓▓▓▓▓▓▓▓▓▓▓▓▓▓▓▓▓▓▓▓▓

You could see a yak (unaware), an acid dragon, a centaur and an orc priest.

Vanquished Creatures
  A wraith (D)
  An orc warrior (D)
  A scorpion (D)
  A hound (D)
  A sleepcap (D)
  An adder (D)
  An orc (D)
  A ball python (D)
  A kobold (D)
  A bat (D)
  2 frilled lizards (D)
12 creatures vanquished.

Notes
Turn   | Place    | Note
-------+----------+-------------------------------------------
     0 | D        | Heoruswealwe the Minotaur Fighter began the quest for the
                  | Orb.
     0 | D        | Reached XP level 1. HP: 19/19 MP: 0/0
     6 | D        | Reached skill level 3 in Polearms
   136 | D        | Noticed a scorpion
   136 | D        | Noticed a hound
   136 | D        | Noticed a sleepcap
   142 | D        | Killed a scorpion
   143 | D        | Reached skill level 5 in Fighting
   143 | D        | Reached skill level 6 in Polearms
   143 | D        | Reached skill level 5 in Armour
   143 | D        | Reached XP level 2. HP: 15/30 MP: 1/1
   143 | D        | Reached XP level 3. HP: 18/37 MP: 2/2
   151 | D        | Reached skill level 7 in Polearms
   151 | D        | Reached XP level 4. HP: 16/44 MP: 3/3
   154 | D        | Reached skill level 8 in Polearms
   165 | D        | Found a snail-covered altar of Cheibriados.
   165 | D        | Found a shadowy altar of Dithmenos.
   165 | D        | Found a white marble altar of Elyvilon.
   165 | D        | Found a blossoming altar of Fedhas.
   165 | D        | Found an opulent altar of Gozag.
   166 | D        | Found a hazy altar of Hepliaklqana.
   167 | D        | Found a viscous altar of Jiyva.
   168 | D        | Found an ancient bone altar of Kikubaaqudgha.
   169 | D        | Found a corrupted altar of Lugonu.
   170 | D        | Found a burning altar of Makhleb.
   171 | D        | Found a sparkling altar of Nemelex Xobeh.
   172 | D        | Found an iron altar of Okawaru.
   173 | D        | Became a worshipper of Gozag Ym Sagoz the Greedy
   174 | D        | Found a stormy altar of Qazlal.
   175 | D        | Found a sacrificial altar of Ru.
   176 | D        | Found a shimmering blue altar of Sif Muna.
   177 | D        | Found a bloodstained altar of Trog.
   178 | D        | Found a hide-covered altar of Uskayaw.
   179 | D        | Found a radiant altar of Vehumet.
   180 | D        | Found an ornate altar of the Wu Jian Council.
   181 | D        | Found a shimmering altar of Xom.
   182 | D        | Found a basalt altar of Yredelemnul.
   183 | D        | Found a glowing silver altar of Zin.
   184 | D        | Found a glowing golden altar of the Shining One.
   208 | D        | Noticed an orc warrior
   208 | D        | Noticed a wraith
   208 | D        | Noticed a centaur
   208 | D        | Noticed an acid dragon
   208 | D        | Noticed a yak
   213 | D        | Killed an orc warrior
   214 | D        | Reached skill level 10 in Polearms
   214 | D        | Reached XP level 5. HP: 39/53 MP: 4/4
   225 | D        | Killed a wraith
   226 | D        | Reached skill level 11 in Polearms
   226 | D        | Reached XP level 6. HP: 9/63 MP: 5/5
   226 | D        | Killed from afar by an orc priest

Illustrated notes

Levels and vault maps discovered:
D:        linesprint [early_d, line_temple, items_1, d_10, items_2, lair_1,
          lair_end, items_3, orc_1, orc_end, items_4, d_15, swamp_1, shoals_1,
          snake_1, spider_1, d_20, vaults_1, items_5, swamp_end, shoals_end,
          snake_end, spider_end, vaults_end, d_27, items_6, zot_1, zot_end,
          crypt_end, forest_end, elf_end, slime_end, tomb_end, abyss_end,
          pan_hell_end]

Skill      XL: |  1  2  3  4  5 |
---------------+----------------+-----
Polearms       | 6 7 10 11 | 11.8
Fighting       | 5 6 7 9 |  9.1
Armour         | 5 6 8 9 |  9.1
Shields        | |  3.6

Action                     |  1- 3 |  4- 6 || total
---------------------------+-------+-------++-------
  Melee: Trident           |    36 |    26 ||    62
         Headbutt          |     4 |     8 ||    12
 Armour: Scale mail        |     9 |    10 ||    19
  Dodge: Dodged            |    20 |     5 ||    25
  Block: Buckler           |     8 |     4 ||    12
